 Dungeon Crawl Stone Soup version 0.23.1 (webtiles) character file.

Game seed: 2581567387404704382

863 Borgoz the Sneak (level 8, 0/63 HPs)
             Began as a Ghoul Enchanter on Mar 3, 2019.
             Was an Initiate of Ashenzari.
             Slain by a crimson imp (2 damage)
             ... on level 5 of the Dungeon.
             The game lasted 00:07:52 (4156 turns).

Borgoz the Sneak (Ghoul Enchanter)                  Turns: 4156, Time: 00:07:52

Health: 0/63       AC:  3    Str: 15    XL:     8   Next: 2%
Magic:  11/11      EV: 13    Int: 10    God:    Ashenzari [......]
Gold:   282        SH:  0    Dex: 11    Spells: 11/12 levels left

rFire    + . .     SeeInvis .   a - +1 short sword (elec)
rCold    + . .     Gourm    .   (no shield)
rNeg     + + +     Faith    .   e - +0 robe {rF+}
rPois    ∞         Spirit   .   (no helmet)
rElec    .         Reflect  .   (no cloak)
rCorr    .         Harm     .   i - +0 pair of gloves
MR       .....                  (no boots)
Stlth    ++++......             (no amulet)
HPRegen  0.00/turn              x - ring of stealth
MPRegen  0.12/turn              g - +3 ring of strength (curse)

@: about to teleport, rotting
A: rotting body, claws 1, carnivore, cold resistance 1, negative energy
resistance 3, inhibited regeneration, torment resistance, unbreathing
a: Curse Item, Renounce Religion


You were on level 5 of the Dungeon.
You worshipped Ashenzari.
Ashenzari was noncommittal.
You were not hungry.

You visited 2 branches of the dungeon, and saw 7 of its levels.

You collected 282 gold pieces.

Inventory:

Hand Weapons
 a - a +1 short sword of electrocution (weapon)
 b - a +0 blowgun
Missiles
 l - a throwing net (quivered)
 m - 16 poisoned needles
 C - 4 javelins of returning
Armour
 e - a +0 robe of fire resistance (worn)
 i - a +0 pair of gloves (worn)
 A - a +0 chain mail of magic resistance
Jewellery
 g - a cursed +3 ring of strength (right hand)
 j - an uncursed amulet of faith
 o - an uncursed ring of flight
 p - an uncursed ring of fire
 x - a ring of stealth (left hand)
Wands
 r - a wand of acid (9)
Scrolls
 c - a scroll of random uselessness {unknown}
 v - 3 scrolls of blinking {unknown}
 y - a scroll of identify
Potions
 h - 2 potions of flight
 k - a potion of berserk rage
 n - 2 potions of magic
 q - a potion of brilliance
 s - 2 potions of curing
 t - a potion of resistance {unknown}
 u - 2 potions of mutation {unknown}
 z - a potion of invisibility {unknown}
Comestibles
 d - 9 rations
 B - 3 chunks of flesh


   Skills:
 + Level 3.0 Fighting
 * Level 3.6 Short Blades
 + Level 2.3 Armour
 * Level 4.1 Dodging
 + Level 4.6 Stealth
 + Level 2.9 Spellcasting
 + Level 3.3 Hexes


You had 11 spell levels left.
You knew the following spells:

 Your Spells              Type           Power        Failure   Level  Hunger
a - Corona                Hex            #......      7%          1    ##.....

Your spell library contained the following spells:

 Spells                   Type           Power        Failure   Level  Hunger
 Ensorcelled Hibernation  Hex/Ice        #.....       22%         2    ###....
 Confuse                  Hex            #.......     22%         3    ####...
 Tukima's Dance           Hex            #.......     22%         3    ####...
 Dazzling Spray           Conj/Hex       #.....       38%         3    ####...


Dungeon Overview and Level Annotations

Branches:
Dungeon (6/15)             Temple (1/1) D:5

Altars:
Ashenzari
Cheibriados
Fedhas
Gozag
Kikubaaqudgha
Makhleb
Nemelex Xobeh
Okawaru
Qazlal
Ru
Sif Muna
Trog
Uskayaw
Vehumet
Wu Jian
Yredelemnul
Zin
The Shining One


Innate Abilities, Weirdness & Mutations

Your body is rotting away.
You thrive on raw meat.
You are immune to poison.
You have sharp fingernails.
You are carnivorous and can eat meat at any time.
Your flesh is cold resistant. (rC+)
You are immune to negative energy. (rN+++)
You do not regenerate when monsters are visible.
You are immune to unholy pain and torment.
You can survive without breathing.


Message History

The ogre is lightly wounded.
The crimson imp blinks!
The jackal misses you.
You hit the ogre.
The ogre is moderately wounded.
The jackal completely misses you. The ogre hits you with a +0 giant club!
* * * LOW HITPOINT WARNING * * *
The jackal bites you but does no damage.
The worker ant bites you.
* * * LOW HITPOINT WARNING * * *
As you read the scroll of teleportation, it crumbles to dust.
You feel strangely unstable.
The jackal bites you but does no damage.
The ogre barely misses you. The worker ant misses you.
You hit the ogre. Lightning courses through the ogre!
You kill the ogre!
Your Fighting skill increases to level 3!
You have reached level 8!
The jackal bites you but does no damage.
The crimson imp hits you.
You die...

#.#............#
####.....###..##
#.#########....#. #..###
####....
#....#####..÷÷...
#................ #
#................
###.#####..............#.
.......a@.>#...........##
.......h)5.##..>........#
.###..††...##......#.....
#................#.....
.........!...<..####.....
..#..........#### .. .
#........##.# #...##...#
.. #... ....


You could see a worker ant, a crimson imp and a jackal.

Vanquished Creatures
  Grinder (D:3)
  An ogre (D:5)
  A scorpion (D:4)
  2 orc priests (D:3)
  A centaur skeleton (D:4)
  3 hounds
  An iguana (D:2)
  3 orc wizards
  A worker ant (D:2)
  3 gnolls (D:3)
  6 adders
  6 oozes
  3 worms
  2 dart slugs
  3 leopard geckos
  14 orcs
  A ball python (D:1)
  7 giant cockroaches
  7 goblins
  6 hobgoblins
  16 jackals
  A quokka (D:5)
  4 bats
  9 frilled lizards
  A jackal skeleton (D:2)
  9 kobolds
  A leopard gecko skeleton (D:4)
  9 rats
122 creatures vanquished.

Notes
Turn   | Place    | Note
-------+----------+-------------------------------------------
     0 | D:1      | Borgoz the Ghoul Enchanter began the quest for the Orb.
     0 | D:1      | Reached XP level 1. HP: 14/14 MP: 2/2
     1 | D:1      | Found a runed translucent door.
    36 | D:1      | Reached skill level 1 in Short Blades
   160 | D:1      | Reached XP level 2. HP: 9/19 MP: 3/3
   399 | D:1      | Reached XP level 3. HP: 20/27 MP: 4/4
   653 | D:1      | Reached skill level 1 in Fighting
   655 | D:1      | Reached XP level 4. HP: 17/35 MP: 4/6
   983 | D:2      | Reached skill level 1 in Armour
  1221 | D:2      | Reached XP level 5. HP: 32/40 MP: 7/7
  1475 | D:3      | Noticed Grinder
  1476 | D:3      | Paralysed by Grinder for 7 turns
  1499 | D:3      | Killed Grinder
  1499 | D:3      | Reached XP level 6. HP: 18/48 MP: 8/8
  1716 | D:3      | Found a deep blue altar of Sif Muna.
  2073 | D:3      | Reached XP level 7. HP: 55/55 MP: 9/9
  3052 | D:4      | You fall through a shaft for 2 floors!
  3060 | D:5      | Entered Level 5 of the Dungeon
  3060 | D:5      | Found a staircase to the Ecumenical Temple.
  3068 | Temple   | Entered the Ecumenical Temple
  3290 | D:5      | Found a basalt altar of Yredelemnul.
  3340 | D:4      | Found a stormy altar of Qazlal.
  3345 | D:4      | Found a shattered altar of Ashenzari.
  3360 | D:4      | Became a worshipper of Ashenzari the Shackled
  3855 | D:4      | Found a blossoming altar of Fedhas.
  4154 | D:5      | HP: 2/56 [worker ant (5)]
  4156 | D:5      | Reached XP level 8. HP: 2/63 MP: 11/11
  4156 | D:5      | Slain by a crimson imp

Skill      XL: |  1  2  3  4  5  6  7 |
---------------+----------------------+-----
Short Blades   | 1 2 3 |  3.6
Dodging        | 2 3 4 |  4.1
Spellcasting   | 2 |  2.9
Fighting       | 1 2 3 |  3.0
Armour         | 1 2 |  2.3
Stealth        | 4 |  4.6
Hexes          | 3 |  3.3

Action                   |  1- 3 |  4- 6 |  7- 9 || total
-------------------------+-------+-------+-------++-------
Melee: Short sword       |    96 |   130 |   174 ||   400
 Fire: Blowgun           |       |     6 |       ||     6
Invok: Curse Item        |       |       |     1 ||     1
  Use: Scroll            |       |     6 |     2 ||     8
       Potion            |       |     2 |     1 ||     3
 Stab: Sleeping          |     3 |     6 |     6 ||    15
       Distracted        |       |       |     1 ||     1
  Eat: Chunk             |    10 |    11 |     4 ||    25
Armor: Robe              |    21 |    23 |    32 ||    76
Dodge: Dodged            |    43 |    70 |   128 ||   241
